 Seeded DCSS version 0.30-a0-1016-gfb0d676c02 (webtiles) character file.

Game seed: 130013135 (custom seed)

35 Genovi the Shield-Bearer (level 3, -4/24 HPs)
             Began as a Gargoyle Fighter on Apr 7, 2023.
             Slain by Natasha (6 damage)
             ... on level 2 of the Dungeon.
             The game lasted 00:01:37 (1257 turns).

Genovi the Shield-Bearer (Gargoyle Fighter)         Turns: 1257, Time: 00:01:38

Health: -4/24      AC: 14    Str: 21    XL:     3   Next: 33%
Magic:  3/3        EV:  9    Int:  8    God:
Gold:   7          SH:  4    Dex:  9    Spells: 2/2 levels left

rFire   + . .      SeeInvis .    a - +0 war axe
rCold   . . .      Faith    .    c - +0 buckler
rNeg    + . .      Spirit   .    b - +0 scale mail
rPois   ∞          Reflect  .    (no helmet)
rElec   +          Rampage  .    (no cloak)
rCorr   .                        j - +1 pair of gloves
Will    .....                    l - +1 pair of boots Stlth
                                 k - amulet of regeneration
HPRegen 1.04/turn                m - ring of protection from fire
MPRegen 0.08/turn                (no ring)

@: no status effects
A: sickness immunity, AC +3, negative energy resistance 1, electricity
resistance, torment resistance 1, petrification resistance
a: no special abilities


You were on level 2 of the Dungeon.
You visited 1 branch of the dungeon, and saw 2 of its levels.

You collected 7 gold pieces.

Inventory:

Hand Weapons
 a - a +0 war axe (weapon)
Missiles
 e - 3 poisoned darts (quivered)
Armour
 b - a +0 scale mail (worn)
 c - a +0 buckler (worn)
 j - a +1 pair of gloves (worn)
 l - a +1 pair of boots (worn)
 n - a +0 plate armour
Jewellery
 h - an amulet of guardian spirit
 k - an amulet of regeneration (around neck)
 m - a ring of protection from fire (left hand)
Scrolls
 f - 2 scrolls of identify {unknown}
 g - 2 scrolls of noise {unknown}
 i - 2 scrolls of fear {unknown}
 p - a scroll of blinking {unknown}
Potions
 d - a potion of might
 o - a potion of berserk rage {unknown}


   Skills:
 + Level 3.7 Fighting
 + Level 2.1 Axes
 + Level 3.7 Armour
 + Level 3.7 Shields


You had 2 spell levels left.
You didn't know any spells.
Your spell library was empty.

Dungeon Overview and Level Annotations

Branches:
Dungeon (2/15)

Altars:
Dithmenos

Annotations:
D:2 Natasha


Innate Abilities, Weirdness & Mutations

You are immune to sickness and miasma.
Your stone body is resilient. (AC +3)
You are immune to poison.
You resist negative energy. (rN+)
You are resistant to electric shocks. (rElec)
You are resistant to unholy torment.
You are immune to petrification.


Message History

The white imp hits you but does no damage.
The grasping roots constrict you.
You are too injured to fight recklessly!
You are too injured to fight recklessly!
Unknown command.
You are too injured to fight recklessly!
You are too injured to fight recklessly!
You barely miss the white imp.
The white imp is almost dead.
The white imp gestures at you. The puff of frost hits you.
The grasping roots constrict you.
The grasping roots release their grip on you.
You completely miss the white imp.
The white imp is almost dead.
You block the white imp's attack.
Natasha mumbles some strange words.
You closely miss the iron imp.
Natasha zaps a wand.
The roots erupt in riotous growth!
The iron imp is unaffected.
The grasping roots grab you!
The quokka is unaffected.
The white imp is unaffected.
Natasha is unaffected.
The grasping roots constrict you.
Unknown command.
Unknown command.
Unknown command.
Unknown command.
Unknown command.
You slash the iron imp!
The iron imp is heavily wounded.
The iron imp barely misses you.
Natasha hisses.
The grasping roots constrict you.
You closely miss the iron imp.
The iron imp is heavily wounded.
The grasping roots constrict you. x2
The grasping roots release their grip on you.
You barely miss Natasha. You slash the iron imp! The iron imp hits you!
* * * LOW HITPOINT WARNING * * *
Natasha claws you but does no damage. The iron imp closely misses you.
Natasha claws you.
You die...

########### #.........#
########.#.....#.##
............_......
.#...#[###......#
.......###......## ###
..........#......# ...#
.......#.#...##.##5.⌠.#
.#...#.##.##.##.@hr⌠..#
.............##.5#5...#
###.###########..######
#.## #.... #..# #..#.
##.# ######..#. #..#
#.......# . #.##
#.......#. #.#
#.........


You could see 2 iron imps, Natasha, a white imp (summoned) and a quokka.

Vanquished Creatures
  2 dart slugs (D:1)
  2 ball pythons (D:1)
  A bat (D:1)
  3 endoplasms (D:1)
  2 giant cockroaches (D:1)
  2 goblins (D:1)
  4 hobgoblins (D:1)
  6 kobolds (D:1)
  A quokka (D:2)
  2 frilled lizards (D:1)
  2 rats
27 creatures vanquished.

Notes
Turn   | Place    | Note
-------+----------+-------------------------------------------
     0 | D:1      | Genovi the Gargoyle Fighter began the quest for the Orb.
     0 | D:1      | Reached XP level 1. HP: 14/14 MP: 1/1
   156 | D:1      | Reached XP level 2. HP: 18/19 MP: 2/2
   772 | D:1      | Reached XP level 3. HP: 23/23 MP: 3/3
  1226 | D:2      | Found a shadowy altar of Dithmenos.
  1248 | D:2      | Noticed Natasha
  1257 | D:2      | Slain by Natasha

Illustrated notes

Levels and vault maps discovered:
D:1:      ncdulo_lavacross, layout_basic, columned_hall_lemuel
D:2:      layout_loops_cross, serial_shops, nicolae_shop_advertising_works
          [nicolae_subvault_shop_adworks], basic_altar,
          kennysheep_generic_room_14, uniq_natasha

Skill      XL: |  1  2 |
---------------+-------+-----
Axes           | 2 |  2.1
Fighting       | |  3.7
Armour         | |  3.7
Shields        | |  3.7

Action                     || total
---------------------------++-------
  Melee: War axe           ||    75
 Armour: Scale mail        ||    41
  Dodge: Dodged            ||    23
  Block: Buckler           ||    18

Table legend: (Time is in decaauts)
 A = Elapsed time spent in this place.
 B = Non-inter-level travel time spent in this place.
 C = Inter-level travel time spent in this place.
 D = Time resting spent in this place.
 E = Time spent auto-exploring this place.
 F = Levels seen in this place.
 G = Mean time per level.
                   A        B        C        D        E       F      G
               +--------+--------+--------+--------+--------+-----+--------+
         Total |   1289 |   1212 |     77 |    100 |    889 |   2 |  644.5 |
       Dungeon |   1289 |   1212 |     77 |    100 |    889 |   2 |  644.5 |
               +--------+--------+--------+--------+--------+-----+--------+

Top non-repeatable levels by time:
     D:1: 1216 daAuts
     D:2: 73 daAuts
